Panthers vs Stars

Created - March 25, 2023 at 22:59

Goals
1 2 3 OT1 SO T
Panthers 2 0 0 0 1 2
Stars 0 0 2 0 2 3
Shots
1 2 3 OT1 SO T
Panthers 7 9 15 0 3 31
Stars 8 10 12 0 3 30

1st period

1. Panthers , Alexander Semin 12 (Quinton Howden 6) at 8:57
2. Panthers , Daultan Leveillé 6 (Alex Iafallo 6, Josh Jooris 5) at 16:04

Penalties :
Tyler Wotherspoon (Dal) for Hooking (Minor) at 0:47, Jason Spezza (Flo) for Tripping (Minor) at 5:42, Jason Spezza (Flo) for Hooking (Minor) at 9:23, Brian Lee (Dal) for Tripping (Minor) at 16:42

2nd period

No Goal

Penalties :
Andrej Sustr (Dal) for Tripping (Minor) at 2:00, Tyler Wotherspoon (Dal) for Roughing (Minor) at 17:51

3rd period

3. Stars , John Tavares 49 (Michael Grabner 36, Guillaume Latendresse 32) at 0:14
4. Stars , Evgeny Grachev 14 (Andrew Ladd 20) at 6:36

Penalties :
John Tavares (Dal) for Hooking (Minor) at 8:50, Kris Versteeg (Flo) for Hooking (Minor) at 18:08

Overtime #1

No Goal

Penalties :
No Penalty

Shootout

Panthers, Alexander Semin - Shot Misses the Net
Stars, John Tavares - Goal!
Panthers, Kris Versteeg - Shot Misses the Net
Stars, Michael Grabner - Shot Misses the Net
Panthers, Brian Flynn - Goal!
Stars, Guillaume Latendresse - Goal!

Penalties :
No Penalty

Goalie Stats

Viktor Fasth (Flo), 28 saves from 30 shots - (0.933), OTL, 10-10-4, 65:00 minutes
Matt Murray (Dal), 29 saves from 31 shots - (0.935), W, 26-18-4, 65:00 minutes

Players Stats for Panthers

Player Name              G  A  P  +/- PIM S  H  SB GA TA FO     MP     PP MP  PK MP  
------------------------------------------------------------------------------------
Alex Goligoski           0  0  0  -1  0   3  1  1  1  1  0/0    29:44   5:34   2:19 
Alex Iafallo             0  1  1   1  0   1  1  0  0  0  0/0    14:10   0:02   1:24 
Alexander Semin          1  0  1   1  0   2  2  0  1  0  0/0    10:07   0:02   2:15 
Brian Flynn              0  0  0  -1  0   3  2  1  0  1  10/26  24:04   4:23   3:18 
Cameron Gaunce           0  0  0   0  0   0  3  2  1  0  0/0    19:14   4:21   0:00 
Chris Bourque            0  0  0  -1  0   5  1  0  0  0  0/0    18:49   4:23   0:00 
Dalton Prout             0  0  0  -1  0   2  1  2  1  0  0/0    30:44   5:21   2:19 
Daultan Leveillé         1  0  1   1  0   1  0  0  1  0  2/8    13:52   0:00   2:39 
Jason Spezza             0  0  0  -1  4   3  2  0  1  0  0/2    18:00   5:30   0:00 
Jerry D'Amigo            0  0  0   1  0   1  0  0  0  0  0/0     7:20   0:02   0:00 
Josh Jooris              0  1  1   1  0   1  0  0  1  0  0/0    10:53   0:00   0:00 
Kris Versteeg            0  0  0  -1  2   3  3  0  1  0  1/1    23:47   4:23   2:10 
Miro Aaltonen            0  0  0  -1  0   3  3  0  1  0  12/20  18:09   5:30   0:00 
Morgan Ellis             0  0  0   1  0   0  0  0  0  0  0/0    16:02   0:00   3:38 
Niklas Hansson           0  0  0   1  0   0  2  0  0  1  0/0    16:02   0:00   3:38 
Quinton Howden           0  1  1   1  0   0  1  0  0  0  2/2     6:59   0:00   0:00 
Timo Meier               0  0  0  -1  0   2  3  0  0  1  1/2    17:50   5:30   0:00 
Will Butcher             0  0  0   0  0   1  0  2  0  0  0/0    18:14   4:34   0:00 

Players Stats for Stars

Player Name              G  A  P  +/- PIM S  H  SB GA TA FO     MP     PP MP  PK MP  
------------------------------------------------------------------------------------
Alex Chiasson            0  0  0  -1  0   0  4  0  1  0  0/0    18:22   2:34   2:35 
Andrej Sustr             0  0  0   1  2   2  3  0  0  1  0/0    28:15   3:18   4:31 
Andrew Ladd              0  1  1  -1  0   1  2  0  0  0  0/0    16:20   2:34   1:07 
Anton Cederholm          0  0  0   0  0   1  0  1  0  1  0/0    15:11   0:00   3:22 
Brian Lee                0  0  0   1  2   1  4  3  1  2  0/0    28:15   3:18   4:44 
Cam Atkinson             0  0  0   0  0   5  1  1  1  0  2/2    12:42   0:09   0:00 
Cory Emmerton            0  0  0   0  0   2  0  0  0  1  2/10   13:56   0:00   2:25 
Evgeny Grachev           1  0  1  -1  0   2  3  1  0  0  5/10   15:22   2:34   0:41 
Evgeny Kuznetsov         0  0  0   0  0   0  2  0  0  0  0/1     5:51   0:00   0:00 
Guillaume Latendresse    0  1  1   1  0   1  1  0  0  0  2/3    21:58   3:08   2:35 
John Tavares             1  0  1   1  2   7  1  0  1  1  20/33  25:07   3:13   4:38 
Jonathan Drouin          0  0  0   0  0   0  1  0  0  0  0/0     5:51   0:00   0:00 
Michael Grabner          0  1  1   1  0   3  1  0  0  1  2/2    26:00   3:08   5:49 
Paul Ladue               0  0  0   0  0   0  1  1  0  1  0/0    12:03   0:00   0:20 
Scott Kosmachuck         0  0  0   0  0   0  0  0  0  0  0/0     5:51   0:00   0:00 
Tobias Rieder            0  0  0   0  0   2  2  0  0  0  0/0    12:12   0:07   0:00 
Tyler Wotherspoon        0  0  0  -1  4   1  2  0  0  1  0/0    23:00   2:31   2:52 
Tyson Barrie             0  0  0  -1  0   2  1  2  0  0  0/0    23:44   2:31   4:01 

3 Stars

1 - Alexander Semin (Flo)
2 - Evgeny Grachev (Dal)
3 - Matt Murray (Dal)

Power Play

Panthers - 0 on 5 Attempt(s) - 0.00%
Stars - 0 on 3 Attempt(s) - 0.00%

Penalty Kill

Panthers - 3 on 3 Attempt(s) - 100.00% - Score 0 goal in Penalty Kill
Stars - 5 on 5 Attempt(s) - 100.00% - Score 0 goal in Penalty Kill

Team Stat

Panthers - Hits : 25 - Faceoff Wins : 28 - Blocked Shots : 8 - Penalty Minutes : 6
Stars - Hits : 29 - Faceoff Wins : 33 - Blocked Shots : 9 - Penalty Minutes : 10

Official

Referees : Peter MacDougall and Dan O'Rourke
Linesman : Tony Sericolo and Devin Berg

Game Notes

No Game Note

Finance

Level 1 -- Attendance: 5481 (91.35%) -- Ticket Income $548,100
Level 2 -- Attendance: 4932 (98.64%) -- Ticket Income $295,920
Level 3 -- Attendance: 1743 (87.15%) -- Ticket Income $61,005
Level 4 -- Attendance: 3953 (98.83%) -- Ticket Income $98,825
Luxury Box -- Attendance: 880 (88.00%) -- Ticket Income $176,000
Game was played at the American Airlines Center.
Total Attendance: 16989 (94.38%)
Total Ticket Income: $1,179,850
Other Income: $176,978
Total Income: $1,356,828

Panthers

5 vs 5 Forward 
   Center                   Left Wing                Right Wing               Time % Phy DF OF 
 1 Brian Flynn              Chris Bourque            Kris Versteeg            40     1   2  2  
 2 Miro Aaltonen            Timo Meier               Jason Spezza             30     1   2  2  
 3 Daultan Leveillé         Alex Iafallo             Josh Jooris              20     1   2  2  
 4 Quinton Howden           Alexander Semin          Jerry D'Amigo            10     1   2  2  

5 vs 5 Defense 
   Defense                  Defense                                           Time % Phy DF OF 
 1 Alex Goligoski           Dalton Prout                                      40     1   2  2  
 2 Will Butcher             Cameron Gaunce                                    30     1   2  2  
 3 Niklas Hansson           Morgan Ellis                                      20     1   2  2  
 4 Alex Goligoski           Dalton Prout                                      10     1   2  2  

PowerPlay Forward 
   Center                   Left Wing                Right Wing               Time % Phy DF OF 
 1 Miro Aaltonen            Timo Meier               Jason Spezza             60     1   2  2  
 2 Brian Flynn              Chris Bourque            Kris Versteeg            40     1   2  2  

PowerPlay Defense
   Defense                  Defense                                           Time % Phy DF OF 
 1 Alex Goligoski           Will Butcher                                      60     1   2  2  
 2 Dalton Prout             Cameron Gaunce                                    40     1   2  2  

Penalty Kill 4 Players Forward 
   Center                   Wing                     Time % Phy DF OF 
 1 Brian Flynn              Kris Versteeg            60     1   2  2  
 2 Daultan Leveillé         Alexander Semin          40     1   2  2  

Penalty Kill 4 Players Defense
   Defense                  Defense                  Time % Phy DF OF 
 1 Niklas Hansson           Morgan Ellis             60     1   2  2  
 2 Alex Goligoski           Dalton Prout             40     1   2  2  

Penalty Kill - 3 Players Forward 
   Forward                                           Time % Phy DF OF 
 1 Brian Flynn                                       60     1   2  2  
 2 Kris Versteeg                                     40     1   2  2  

Penalty Kill - 3 Players Defense
   Defense                  Defense                  Time % Phy DF OF 
 1 Niklas Hansson           Morgan Ellis             60     1   2  2  
 2 Alex Goligoski           Dalton Prout             40     1   2  2  

4 vs 4 Forward 
   Center                   Wing                     Time % Phy DF OF 
 1 Miro Aaltonen            Kris Versteeg            60     1   2  2  
 2 Jason Spezza             Timo Meier               40     1   2  2  

4 vs 4 Defense
   Defense                  Defense                  Time % Phy DF OF 
 1 Alex Goligoski           Dalton Prout             60     1   2  2  
 2 Will Butcher             Cameron Gaunce           40     1   2  2  

Last Minutes Offensive
   Center                   Left Wing                Right Wing               Defense                  Defense                  
   Miro Aaltonen            Timo Meier               Jason Spezza             Alex Goligoski           Will Butcher             

Last Minutes Defensive
   Center                   Left Wing                Right Wing               Defense                  Defense                  
   Brian Flynn              Alexander Semin          Kris Versteeg            Niklas Hansson           Morgan Ellis             

Goaltenders
Starting : Viktor Fasth             
Backup : Ville Husso              

Extra Forwards
Normal : Alex Iafallo, Timo Meier, Miro Aaltonen - PP : Alexander Semin, Timo Meier - PK : Brian Flynn
Extra Defensemen
Normal : Will Butcher, Alex Goligoski, Dalton Prout - PP : Will Butcher - PK : Alex Goligoski, Niklas Hansson
Penalty Shots
Alexander Semin, Kris Versteeg, Brian Flynn, Miro Aaltonen, Timo Meier

Scratches
Peter Mueller (Separated Left Shoulder Injury)

Stars

5 vs 5 Forward 
   Center                   Left Wing                Right Wing               Time % Phy DF OF 
 1 John Tavares             Guillaume Latendresse    Michael Grabner          40     1   2  2  
 2 Evgeny Grachev           Andrew Ladd              Alex Chiasson            30     1   2  2  
 3 Cory Emmerton            Tobias Rieder            Cam Atkinson             20     1   2  2  
 4 Evgeny Kuznetsov         Jonathan Drouin          Scott Kosmachuck         10     1   2  2  

5 vs 5 Defense 
   Defense                  Defense                                           Time % Phy DF OF 
 1 Brian Lee                Andrej Sustr                                      40     1   2  2  
 2 Tyson Barrie             Tyler Wotherspoon                                 30     1   2  2  
 3 Paul Ladue               Anton Cederholm                                   20     1   2  2  
 4 Brian Lee                Andrej Sustr                                      10     1   2  2  

PowerPlay Forward 
   Center                   Left Wing                Right Wing               Time % Phy DF OF 
 1 John Tavares             Guillaume Latendresse    Michael Grabner          60     1   2  2  
 2 Evgeny Grachev           Andrew Ladd              Alex Chiasson            40     1   2  2  

PowerPlay Defense
   Defense                  Defense                                           Time % Phy DF OF 
 1 Brian Lee                Andrej Sustr                                      60     1   2  2  
 2 Tyson Barrie             Tyler Wotherspoon                                 40     1   2  2  

Penalty Kill 4 Players Forward 
   Center                   Wing                     Time % Phy DF OF 
 1 John Tavares             Michael Grabner          60     1   2  2  
 2 Guillaume Latendresse    Alex Chiasson            40     1   2  2  

Penalty Kill 4 Players Defense
   Defense                  Defense                  Time % Phy DF OF 
 1 Brian Lee                Andrej Sustr             60     1   2  2  
 2 Tyson Barrie             Tyler Wotherspoon        40     1   2  2  

Penalty Kill - 3 Players Forward 
   Forward                                           Time % Phy DF OF 
 1 John Tavares                                      60     1   2  2  
 2 Michael Grabner                                   40     1   2  2  

Penalty Kill - 3 Players Defense
   Defense                  Defense                  Time % Phy DF OF 
 1 Brian Lee                Andrej Sustr             60     1   2  2  
 2 Tyson Barrie             Tyler Wotherspoon        40     1   2  2  

4 vs 4 Forward 
   Center                   Wing                     Time % Phy DF OF 
 1 John Tavares             Michael Grabner          60     1   2  2  
 2 Guillaume Latendresse    Alex Chiasson            40     1   2  2  

4 vs 4 Defense
   Defense                  Defense                  Time % Phy DF OF 
 1 Brian Lee                Andrej Sustr             60     1   2  2  
 2 Tyson Barrie             Tyler Wotherspoon        40     1   2  2  

Last Minutes Offensive
   Center                   Left Wing                Right Wing               Defense                  Defense                  
   John Tavares             Guillaume Latendresse    Michael Grabner          Brian Lee                Andrej Sustr             

Last Minutes Defensive
   Center                   Left Wing                Right Wing               Defense                  Defense                  
   John Tavares             Guillaume Latendresse    Michael Grabner          Brian Lee                Andrej Sustr             

Goaltenders
Starting : Matt Murray              
Backup : Jhonas Enroth            

Extra Forwards
Normal : Cam Atkinson, Tobias Rieder, Cory Emmerton - PP : Cam Atkinson, Tobias Rieder - PK : Cory Emmerton
Extra Defensemen
Normal : Paul Ladue, Anton Cederholm, Tyson Barrie - PP : Paul Ladue - PK : Anton Cederholm, Tyson Barrie
Penalty Shots
John Tavares, Michael Grabner, Guillaume Latendresse, Alex Chiasson, Andrew Ladd

Scratches
Boris Valabik (Healthy), Tyler Brenner (Healthy)

% Time on Ice - Panthers

Lines # - Real PCT - Wanted PCT - Time Play
Normal Forward
1 - 35% - 40% - 15:27
2 - 25% - 30% - 10:57
3 - 25% - 20% - 10:53
4 - 16% - 10% - 6:59
Normal Defense
1 - 38% - 40% - 16:55
2 - 36% - 30% - 16:04
3 - 25% - 20% - 11:17
4 - 0% - 10% - 0:00
PP Forward
1 - 56% - 60% - 5:32
2 - 44% - 40% - 4:23
PP Defense
1 - 56% - 60% - 5:34
2 - 44% - 40% - 4:21
PK Forward
1 - 77% - 60% - 4:29
2 - 23% - 40% - 1:20
PK Defense
1 - 60% - 60% - 3:30
2 - 40% - 40% - 2:19
PK3 Forward
1 - 100% - 60% - 0:08
2 - 0% - 40% - 0:00
PK3 Defense
1 - 100% - 60% - 0:08
2 - 0% - 40% - 0:00
44 Forward
1 - 82% - 60% - 3:59
2 - 18% - 40% - 0:53
44 Defense
1 - 66% - 60% - 3:12
2 - 34% - 40% - 1:40
Last Minute Offensive  - 0:00
Last Minute Defensive  - 0:00
Total
Forward - 65:00
Defense - 65:00

% Time on Ice - Stars

Lines # - Real PCT - Wanted PCT - Time Play
Normal Forward
1 - 35% - 40% - 15:40
2 - 27% - 30% - 12:02
3 - 24% - 20% - 10:43
4 - 13% - 10% - 5:51
Normal Defense
1 - 39% - 40% - 17:29
2 - 34% - 30% - 15:10
3 - 25% - 20% - 11:10
4 - 1% - 10% - 0:27
PP Forward
1 - 56% - 60% - 3:15
2 - 44% - 40% - 2:34
PP Defense
1 - 57% - 60% - 3:18
2 - 43% - 40% - 2:31
PK Forward
1 - 74% - 60% - 7:20
2 - 26% - 40% - 2:35
PK Defense
1 - 59% - 60% - 5:54
2 - 41% - 40% - 4:01
PK3 Forward
1 - 0% - 60%
2 - 0% - 40%
PK3 Defense
1 - 0% - 60%
2 - 0% - 40%
44 Forward
1 - 76% - 60% - 3:49
2 - 24% - 40% - 1:11
44 Defense
1 - 59% - 60% - 2:58
2 - 41% - 40% - 2:02
Last Minute Offensive  - 0:00
Last Minute Defensive  - 0:00
Total
Forward - 65:00
Defense - 65:00

Play-by-Play

1st period


0:01 of 1st period - Michael Grabner wins face-off versus Brian Flynn in neutral zone.
0:06 of 1st period - Snap shot by John Tavares.
0:06 of 1st period - Deflect By Alex Goligoski.
0:06 of 1st period - Shot Misses the Net.
0:06 of 1st period - Puck is out of play.
0:07 of 1st period - John Tavares wins face-off versus Brian Flynn in Panthers zone.
0:24 of 1st period - Snap shot by Guillaume Latendresse.
0:24 of 1st period - Stopped by Viktor Fasth without a rebound.
0:25 of 1st period - Evgeny Grachev wins face-off versus Miro Aaltonen in Panthers zone.
0:34 of 1st period - Alex Chiasson is hit by Timo Meier and loses puck.
0:47 of 1st period - Minor Penalty to Tyler Wotherspoon for Hooking.
0:48 of 1st period - Miro Aaltonen wins face-off versus John Tavares in Stars zone.
1:13 of 1st period - Will Butcher is hit by Alex Chiasson and loses puck.
2:19 of 1st period - Guillaume Latendresse is hit by Timo Meier and loses puck.
2:47 of 1st period - Penalty to Tyler Wotherspoon is over, Tyler Wotherspoon is back on ice.
3:14 of 1st period - Morgan Ellis is hit by Evgeny Kuznetsov and loses puck.
3:37 of 1st period - Niklas Hansson is hit by Brian Lee and loses puck.
3:44 of 1st period - Alex Goligoski is hit by Alex Chiasson and loses puck.
4:01 of 1st period - Snap shot by Tobias Rieder.
4:01 of 1st period - Shot Blocked by Will Butcher.
4:41 of 1st period - Slapshot by Tyson Barrie.
4:41 of 1st period - Shot Misses the Net.
5:10 of 1st period - Off-side.
5:11 of 1st period - Cory Emmerton wins face-off versus Daultan Leveillé in neutral zone.
5:18 of 1st period - Snap shot by Cam Atkinson.
5:18 of 1st period - Stopped by Viktor Fasth without a rebound.
5:19 of 1st period - Miro Aaltonen wins face-off versus Evgeny Grachev in Panthers zone.
5:26 of 1st period - Andrej Sustr is hit by Dalton Prout and loses puck.
5:35 of 1st period - Miro Aaltonen is hit by Evgeny Grachev and loses puck.
5:42 of 1st period - Minor Penalty to Jason Spezza for Tripping.
5:43 of 1st period - Brian Flynn wins face-off versus John Tavares in Panthers zone.
6:04 of 1st period - Niklas Hansson is hit by John Tavares and loses puck.
7:42 of 1st period - Penalty to Jason Spezza is over, Jason Spezza is back on ice.
7:59 of 1st period - Snap shot by Jason Spezza.
7:59 of 1st period - Shot Misses the Net.
8:11 of 1st period - Snap shot by Tyson Barrie.
8:11 of 1st period - Shot Misses the Net.
8:13 of 1st period - Snap shot by Tyson Barrie.
8:13 of 1st period - Shot Misses the Net.
8:17 of 1st period - Wrist shot by Jonathan Drouin.
8:17 of 1st period - Shot Blocked by Brian Flynn.
8:39 of 1st period - Slapshot by Alex Goligoski.
8:39 of 1st period - Shot Misses the Net.
8:41 of 1st period - Wrist shot by Dalton Prout.
8:41 of 1st period - Stopped by Matt Murray without a rebound.
8:42 of 1st period - Quinton Howden wins face-off versus Evgeny Grachev in Stars zone.
8:57 of 1st period - Slapshot by Alexander Semin.
8:57 of 1st period - Goal by Alexander Semin - Panthers : 1 - Stars : 0.
8:58 of 1st period - Miro Aaltonen wins face-off versus John Tavares in neutral zone.
9:03 of 1st period - Slapshot by Miro Aaltonen.
9:03 of 1st period - Stopped by Matt Murray without a rebound.
9:04 of 1st period - John Tavares wins face-off versus Timo Meier in Stars zone.
9:04 of 1st period - John Tavares is hit by Jason Spezza.
9:23 of 1st period - Minor Penalty to Jason Spezza for Hooking.
9:24 of 1st period - Brian Flynn wins face-off versus John Tavares in Panthers zone.
9:52 of 1st period - Slapshot by Andrej Sustr.
9:52 of 1st period - Deflect By John Tavares.
9:52 of 1st period - Stopped by Viktor Fasth without a rebound.
9:53 of 1st period - Evgeny Grachev wins face-off versus Daultan Leveillé in Panthers zone.
10:18 of 1st period - Tyson Barrie is hit by Alexander Semin and loses puck.
11:23 of 1st period - Penalty to Jason Spezza is over, Jason Spezza is back on ice.
11:28 of 1st period - Icing by Jason Spezza.
11:29 of 1st period - Daultan Leveillé wins face-off versus Cory Emmerton in Panthers zone.
11:36 of 1st period - Snap shot by Jason Spezza.
11:36 of 1st period - Stopped by Matt Murray with a rebound.
13:08 of 1st period - Snap shot by Alex Goligoski.
13:08 of 1st period - Shot Blocked by Cam Atkinson.
13:41 of 1st period - Anton Cederholm is hit by Brian Flynn and loses puck.
13:46 of 1st period - Snap shot by Chris Bourque.
13:46 of 1st period - Stopped by Matt Murray without a rebound.
13:47 of 1st period - John Tavares wins face-off versus Brian Flynn in Stars zone.
15:00 of 1st period - Evgeny Grachev is hit by Alex Iafallo and loses puck.
15:17 of 1st period - Niklas Hansson is hit by Evgeny Grachev and loses puck.
15:32 of 1st period - Snap shot by Alex Iafallo.
15:32 of 1st period - Shot Misses the Net.
15:46 of 1st period - Wrist shot by Alex Iafallo.
15:46 of 1st period - Shot Misses the Net.
15:48 of 1st period - Slapshot by Morgan Ellis.
15:48 of 1st period - Shot Blocked by Evgeny Grachev.
15:50 of 1st period - Slapshot by Morgan Ellis.
15:50 of 1st period - Shot Blocked by Tyson Barrie.
16:04 of 1st period - Snap shot by Daultan Leveillé.
16:04 of 1st period - Goal by Daultan Leveillé - Panthers : 2 - Stars : 0.
16:05 of 1st period - John Tavares wins face-off versus Brian Flynn in neutral zone.
16:16 of 1st period - Wrist shot by Guillaume Latendresse.
16:16 of 1st period - Shot Blocked by Dalton Prout.
16:18 of 1st period - Slapshot by Andrej Sustr.
16:18 of 1st period - Stopped by Viktor Fasth with a rebound.
16:20 of 1st period - Backhand shot by John Tavares.
16:20 of 1st period - Stopped by Viktor Fasth without a rebound.
16:21 of 1st period - John Tavares wins face-off versus Miro Aaltonen in Panthers zone.
16:32 of 1st period - Snap shot by John Tavares.
16:32 of 1st period - Stopped by Viktor Fasth with a rebound.
16:42 of 1st period - Minor Penalty to Brian Lee for Tripping.
16:43 of 1st period - Miro Aaltonen wins face-off versus John Tavares in Stars zone.
17:16 of 1st period - Slapshot by Alex Goligoski.
17:16 of 1st period - Deflect By Kris Versteeg.
17:16 of 1st period - Shot Misses the Net.
17:16 of 1st period - Puck is out of play.
17:17 of 1st period - John Tavares wins face-off versus Miro Aaltonen in Stars zone.
18:10 of 1st period - Jason Spezza is hit by Andrew Ladd.
18:42 of 1st period - Penalty to Brian Lee is over, Brian Lee is back on ice.
18:54 of 1st period - Slapshot by Josh Jooris.
18:54 of 1st period - Stopped by Matt Murray without a rebound.
18:55 of 1st period - Cory Emmerton wins face-off versus Daultan Leveillé in Stars zone.
19:02 of 1st period - Slapshot by Brian Lee.
19:02 of 1st period - Stopped by Viktor Fasth without a rebound.
19:03 of 1st period - John Tavares wins face-off versus Daultan Leveillé in Panthers zone.
19:29 of 1st period - Alex Iafallo is hit by Brian Lee and loses puck.
19:34 of 1st period - Snap shot by Cory Emmerton.
19:34 of 1st period - Stopped by Viktor Fasth without a rebound.
19:35 of 1st period - Brian Flynn wins face-off versus Cory Emmerton in Panthers zone.
19:46 of 1st period - Snap shot by Alex Goligoski.
19:46 of 1st period - Shot Misses the Net.
Goals for this period are 2 for Panthers vs 0 for Stars.
Shots for this period are 7 for Panthers vs 8 for Stars.

2nd period


0:01 of 2nd period - Brian Flynn wins face-off versus John Tavares in neutral zone.
0:27 of 2nd period - Alex Goligoski is hit by Alex Chiasson and loses puck.
0:35 of 2nd period - Off-side.
0:36 of 2nd period - John Tavares wins face-off versus Brian Flynn in neutral zone.
1:24 of 2nd period - Slapshot by Tyson Barrie.
1:24 of 2nd period - Stopped by Viktor Fasth without a rebound.
1:25 of 2nd period - Daultan Leveillé wins face-off versus Cory Emmerton in Panthers zone.
2:00 of 2nd period - Minor Penalty to Andrej Sustr for Tripping.
2:01 of 2nd period - John Tavares wins face-off versus Jason Spezza in Stars zone.
2:57 of 2nd period - Snap shot by Guillaume Latendresse.
2:57 of 2nd period - Shot Blocked by Dalton Prout.
4:00 of 2nd period - Penalty to Andrej Sustr is over, Andrej Sustr is back on ice.
4:16 of 2nd period - Dalton Prout is hit by Brian Lee and loses puck.
4:55 of 2nd period - Alex Iafallo is hit by Tobias Rieder and loses puck.
5:31 of 2nd period - Snap shot by Guillaume Latendresse.
5:31 of 2nd period - Shot Misses the Net.
5:37 of 2nd period - Cameron Gaunce is hit by Tyler Wotherspoon and loses puck.
5:55 of 2nd period - Off-side.
5:56 of 2nd period - Miro Aaltonen wins face-off versus Cory Emmerton in neutral zone.
6:03 of 2nd period - Anton Cederholm is hit by Jason Spezza and loses puck.
7:30 of 2nd period - Andrew Ladd is hit by Miro Aaltonen and loses puck.
7:43 of 2nd period - Kris Versteeg is hit by Brian Lee and loses puck.
8:12 of 2nd period - Snap shot by Jonathan Drouin.
8:12 of 2nd period - Shot Misses the Net.
8:43 of 2nd period - Snap shot by Alexander Semin.
8:43 of 2nd period - Stopped by Matt Murray without a rebound.
8:44 of 2nd period - John Tavares wins face-off versus Brian Flynn in Stars zone.
8:55 of 2nd period - Snap shot by John Tavares.
8:55 of 2nd period - Stopped by Viktor Fasth with a rebound.
8:57 of 2nd period - Wrist shot by Michael Grabner.
8:57 of 2nd period - Stopped by Viktor Fasth without a rebound.
8:58 of 2nd period - Brian Flynn wins face-off versus John Tavares in Panthers zone.
9:05 of 2nd period - Wrist shot by Alex Goligoski.
9:05 of 2nd period - Stopped by Matt Murray with a rebound.
9:11 of 2nd period - Slapshot by John Tavares.
9:11 of 2nd period - Stopped by Viktor Fasth with a rebound.
9:13 of 2nd period - Slapshot by Andrej Sustr.
9:13 of 2nd period - Shot Blocked by Alex Goligoski.
9:15 of 2nd period - Slapshot by Brian Lee.
9:15 of 2nd period - Shot Misses the Net.
9:33 of 2nd period - Wrist shot by Jason Spezza.
9:33 of 2nd period - Deflect By Timo Meier.
9:33 of 2nd period - Stopped by Matt Murray with a rebound.
10:51 of 2nd period - Jason Spezza is hit by Andrej Sustr and loses puck.
11:40 of 2nd period - Daultan Leveillé is hit by Paul Ladue and loses puck.
11:53 of 2nd period - Snap shot by Cory Emmerton.
11:53 of 2nd period - Shot Hit the Post.
11:55 of 2nd period - Snap shot by Tobias Rieder.
11:55 of 2nd period - Stopped by Viktor Fasth without a rebound.
11:56 of 2nd period - Brian Flynn wins face-off versus John Tavares in Panthers zone.
12:11 of 2nd period - Snap shot by John Tavares.
12:11 of 2nd period - Stopped by Viktor Fasth with a rebound.
12:32 of 2nd period - Slapshot by Miro Aaltonen.
12:32 of 2nd period - Stopped by Matt Murray without a rebound.
12:33 of 2nd period - Evgeny Grachev wins face-off versus Brian Flynn in Stars zone.
13:05 of 2nd period - Alex Goligoski is hit by Michael Grabner.
13:41 of 2nd period - Snap shot by Jonathan Drouin.
13:41 of 2nd period - Shot Blocked by Cameron Gaunce.
13:43 of 2nd period - Slapshot by Tyler Wotherspoon.
13:43 of 2nd period - Shot Blocked by Cameron Gaunce.
13:45 of 2nd period - Slapshot by Tyler Wotherspoon.
13:45 of 2nd period - Shot Misses the Net.
14:11 of 2nd period - Brian Flynn is hit by Alex Chiasson and loses puck.
14:37 of 2nd period - Andrej Sustr is hit by Miro Aaltonen and loses puck.
14:45 of 2nd period - Icing by Andrej Sustr.
14:46 of 2nd period - Michael Grabner wins face-off versus Daultan Leveillé in Stars zone.
14:57 of 2nd period - Wrist shot by Cam Atkinson.
14:57 of 2nd period - Stopped by Viktor Fasth with a rebound.
14:59 of 2nd period - Wrist shot by Tobias Rieder.
14:59 of 2nd period - Stopped by Viktor Fasth without a rebound.
15:00 of 2nd period - John Tavares wins face-off versus Brian Flynn in Panthers zone.
15:07 of 2nd period - Snap shot by Chris Bourque.
15:07 of 2nd period - Deflect By Brian Flynn.
15:07 of 2nd period - Shot Blocked by Paul Ladue.
15:07 of 2nd period - Puck is out of play.
15:08 of 2nd period - John Tavares wins face-off versus Brian Flynn in Stars zone.
15:25 of 2nd period - Wrist shot by Brian Flynn.
15:25 of 2nd period - Stopped by Matt Murray with a rebound.
15:47 of 2nd period - Snap shot by Chris Bourque.
15:47 of 2nd period - Stopped by Matt Murray with a rebound.
15:50 of 2nd period - Icing by Michael Grabner.
15:51 of 2nd period - Miro Aaltonen wins face-off versus John Tavares in Stars zone.
15:54 of 2nd period - Wrist shot by Miro Aaltonen.
15:54 of 2nd period - Stopped by Matt Murray with a rebound.
15:56 of 2nd period - Wrist shot by Timo Meier.
15:56 of 2nd period - Shot Misses the Net.
16:02 of 2nd period - Anton Cederholm is hit by Cameron Gaunce and loses puck.
16:11 of 2nd period - Anton Cederholm is hit by Cameron Gaunce and loses puck.
17:04 of 2nd period - Chris Bourque is hit by Jonathan Drouin and loses puck.
17:45 of 2nd period - Snap shot by Josh Jooris.
17:45 of 2nd period - Shot Blocked by Tyson Barrie.
17:51 of 2nd period - Minor Penalty to Tyler Wotherspoon for Roughing.
17:52 of 2nd period - John Tavares wins face-off versus Miro Aaltonen in Stars zone.
18:41 of 2nd period - Icing by Miro Aaltonen.
18:42 of 2nd period - Guillaume Latendresse wins face-off versus Miro Aaltonen in Panthers zone.
18:51 of 2nd period - Snap shot by Timo Meier.
18:51 of 2nd period - Stopped by Matt Murray without a rebound.
18:52 of 2nd period - John Tavares wins face-off versus Jason Spezza in Stars zone.
19:03 of 2nd period - Wrist shot by Jason Spezza.
19:03 of 2nd period - Shot Blocked by Brian Lee.
19:05 of 2nd period - Backhand shot by Dalton Prout.
19:05 of 2nd period - Stopped by Matt Murray with a rebound.
19:51 of 2nd period - Penalty to Tyler Wotherspoon is over, Tyler Wotherspoon is back on ice.
19:57 of 2nd period - Snap shot by Anton Cederholm.
19:57 of 2nd period - Stopped by Viktor Fasth with a rebound.
19:59 of 2nd period - Snap shot by Tyler Wotherspoon.
19:59 of 2nd period - Stopped by Viktor Fasth without a rebound.
Goals for this period are 0 for Panthers vs 0 for Stars.
Shots for this period are 9 for Panthers vs 10 for Stars.

3rd period


0:01 of 3rd period - John Tavares wins face-off versus Brian Flynn in neutral zone.
0:14 of 3rd period - Snap shot by John Tavares.
0:14 of 3rd period - Goal by John Tavares - Panthers : 2 - Stars : 1.
0:15 of 3rd period - Guillaume Latendresse wins face-off versus Brian Flynn in neutral zone.
0:42 of 3rd period - Miro Aaltonen is hit by Andrej Sustr and loses puck.
2:33 of 3rd period - Wrist shot by Alex Iafallo.
2:33 of 3rd period - Stopped by Matt Murray with a rebound.
2:43 of 3rd period - Snap shot by Chris Bourque.
2:43 of 3rd period - Shot Blocked by Anton Cederholm.
2:45 of 3rd period - Snap shot by Brian Flynn.
2:45 of 3rd period - Stopped by Matt Murray without a rebound.
2:46 of 3rd period - Cam Atkinson wins face-off versus Brian Flynn in Stars zone.
2:46 of 3rd period - Cam Atkinson is hit by Chris Bourque.
2:58 of 3rd period - Snap shot by Brian Flynn.
2:58 of 3rd period - Deflect By Chris Bourque.
2:58 of 3rd period - Shot Misses the Net.
2:58 of 3rd period - Puck is out of play.
2:59 of 3rd period - Brian Flynn wins face-off versus John Tavares in Stars zone.
3:16 of 3rd period - Snap shot by Michael Grabner.
3:16 of 3rd period - Stopped by Viktor Fasth without a rebound.
3:17 of 3rd period - Timo Meier wins face-off versus Evgeny Grachev in Panthers zone.
3:22 of 3rd period - Jason Spezza is hit by Evgeny Grachev.
3:42 of 3rd period - John Tavares is hit by Brian Flynn and loses puck.
4:06 of 3rd period - Josh Jooris is hit by Evgeny Kuznetsov and loses puck.
4:12 of 3rd period - Off-side.
4:13 of 3rd period - John Tavares wins face-off versus Miro Aaltonen in neutral zone.
4:46 of 3rd period - Backhand shot by Chris Bourque.
4:46 of 3rd period - Shot Misses the Net.
4:51 of 3rd period - Off-side.
4:52 of 3rd period - Miro Aaltonen wins face-off versus Cory Emmerton in neutral zone.
5:06 of 3rd period - Snap shot by Cam Atkinson.
5:06 of 3rd period - Shot Misses the Net.
5:08 of 3rd period - Wrist shot by Cam Atkinson.
5:08 of 3rd period - Shot Misses the Net.
5:18 of 3rd period - Guillaume Latendresse is hit by Kris Versteeg and loses puck.
5:52 of 3rd period - Slapshot by Kris Versteeg.
5:52 of 3rd period - Stopped by Matt Murray with a rebound.
5:54 of 3rd period - Wrist shot by Chris Bourque.
5:54 of 3rd period - Shot Misses the Net.
5:58 of 3rd period - Wrist shot by Brian Flynn.
5:58 of 3rd period - Stopped by Matt Murray with a rebound.
6:00 of 3rd period - Snap shot by Chris Bourque.
6:00 of 3rd period - Stopped by Matt Murray with a rebound.
6:02 of 3rd period - Snap shot by Chris Bourque.
6:02 of 3rd period - Stopped by Matt Murray with a rebound.
6:04 of 3rd period - Wrist shot by Kris Versteeg.
6:04 of 3rd period - Stopped by Matt Murray with a rebound.
6:30 of 3rd period - Snap shot by Kris Versteeg.
6:30 of 3rd period - Stopped by Matt Murray without a rebound.
6:31 of 3rd period - Evgeny Grachev wins face-off versus Miro Aaltonen in Stars zone.
6:36 of 3rd period - Wrist shot by Evgeny Grachev.
6:36 of 3rd period - Goal by Evgeny Grachev - Panthers : 2 - Stars : 2.
6:37 of 3rd period - Miro Aaltonen wins face-off versus Evgeny Grachev in neutral zone.
7:24 of 3rd period - Icing by Scott Kosmachuck.
7:25 of 3rd period - Quinton Howden wins face-off versus Evgeny Kuznetsov in Stars zone.
7:26 of 3rd period - Wrist shot by Jerry D'Amigo.
7:26 of 3rd period - Stopped by Matt Murray with a rebound.
7:28 of 3rd period - Snap shot by Alex Goligoski.
7:28 of 3rd period - Shot Blocked by Brian Lee.
8:19 of 3rd period - Slapshot by Will Butcher.
8:19 of 3rd period - Stopped by Matt Murray with a rebound.
8:21 of 3rd period - Wrist shot by Chris Bourque.
8:21 of 3rd period - Deflect By Kris Versteeg.
8:21 of 3rd period - Shot Misses the Net.
8:21 of 3rd period - Puck is out of play.
8:22 of 3rd period - Brian Flynn wins face-off versus John Tavares in Stars zone.
8:27 of 3rd period - Snap shot by Chris Bourque.
8:27 of 3rd period - Stopped by Matt Murray without a rebound.
8:28 of 3rd period - Kris Versteeg wins face-off versus John Tavares in Stars zone.
8:39 of 3rd period - Slapshot by Anton Cederholm.
8:39 of 3rd period - Shot Misses the Net.
8:41 of 3rd period - Slapshot by Paul Ladue.
8:41 of 3rd period - Shot Misses the Net.
8:50 of 3rd period - Minor Penalty to John Tavares for Hooking.
8:51 of 3rd period - Miro Aaltonen wins face-off versus Cory Emmerton in Stars zone.
8:57 of 3rd period - Backhand shot by Jason Spezza.
8:57 of 3rd period - Stopped by Matt Murray with a rebound.
8:59 of 3rd period - Slapshot by Alex Goligoski.
8:59 of 3rd period - Stopped by Matt Murray with a rebound.
9:17 of 3rd period - Brian Lee is hit by Alex Goligoski and loses puck.
9:39 of 3rd period - Icing by Dalton Prout.
9:40 of 3rd period - Miro Aaltonen wins face-off versus Evgeny Grachev in Panthers zone.
9:51 of 3rd period - Snap shot by Jason Spezza.
9:51 of 3rd period - Stopped by Matt Murray with a rebound.
10:09 of 3rd period - Snap shot by Jason Spezza.
10:09 of 3rd period - Deflect By Timo Meier.
10:09 of 3rd period - Shot Misses the Net.
10:09 of 3rd period - Puck is out of play.
10:10 of 3rd period - Brian Flynn wins face-off versus Cory Emmerton in Stars zone.
10:11 of 3rd period - Slapshot by Chris Bourque.
10:11 of 3rd period - Shot Blocked by Brian Lee.
10:50 of 3rd period - Penalty to John Tavares is over, John Tavares is back on ice.
10:59 of 3rd period - Daultan Leveillé is hit by Tyson Barrie and loses puck.
11:22 of 3rd period - Michael Grabner is hit by Quinton Howden and loses puck.
11:27 of 3rd period - Wrist shot by Quinton Howden.
11:27 of 3rd period - Shot Misses the Net.
11:57 of 3rd period - Timo Meier is hit by Cam Atkinson.
12:01 of 3rd period - Paul Ladue is hit by Niklas Hansson and loses puck.
12:20 of 3rd period - Snap shot by Cory Emmerton.
12:20 of 3rd period - Stopped by Viktor Fasth with a rebound.
12:26 of 3rd period - Snap shot by Cam Atkinson.
12:26 of 3rd period - Stopped by Viktor Fasth with a rebound.
12:28 of 3rd period - Wrist shot by Cam Atkinson.
12:28 of 3rd period - Deflect By Cory Emmerton.
12:28 of 3rd period - Shot Misses the Net.
12:28 of 3rd period - Puck is out of play.
12:29 of 3rd period - Evgeny Grachev wins face-off versus Brian Flynn in Panthers zone.
13:23 of 3rd period - Dalton Prout is hit by Tyler Wotherspoon and loses puck.
13:50 of 3rd period - Snap shot by Cam Atkinson.
13:50 of 3rd period - Shot Blocked by Will Butcher.
13:52 of 3rd period - Snap shot by Tobias Rieder.
13:52 of 3rd period - Shot Misses the Net.
13:54 of 3rd period - Slapshot by Tyson Barrie.
13:54 of 3rd period - Shot Misses the Net.
14:07 of 3rd period - Icing by Paul Ladue.
14:08 of 3rd period - John Tavares wins face-off versus Miro Aaltonen in Stars zone.
14:08 of 3rd period - John Tavares is hit by Miro Aaltonen.
14:45 of 3rd period - Off-side.
14:46 of 3rd period - Miro Aaltonen wins face-off versus Cory Emmerton in neutral zone.
15:40 of 3rd period - Slapshot by Alex Goligoski.
15:40 of 3rd period - Stopped by Matt Murray without a rebound.
15:41 of 3rd period - Cam Atkinson wins face-off versus Brian Flynn in Stars zone.
17:19 of 3rd period - Wrist shot by Cam Atkinson.
17:19 of 3rd period - Shot Misses the Net.
17:21 of 3rd period - Wrist shot by Cam Atkinson.
17:21 of 3rd period - Stopped by Viktor Fasth with a rebound.
17:23 of 3rd period - Slapshot by Tyson Barrie.
17:23 of 3rd period - Stopped by Viktor Fasth without a rebound.
17:24 of 3rd period - John Tavares wins face-off versus Daultan Leveillé in Panthers zone.
17:41 of 3rd period - Dalton Prout is hit by Guillaume Latendresse and loses puck.
18:02 of 3rd period - Snap shot by Cam Atkinson.
18:02 of 3rd period - Stopped by Viktor Fasth with a rebound.
18:08 of 3rd period - Minor Penalty to Kris Versteeg for Hooking.
18:09 of 3rd period - John Tavares wins face-off versus Brian Flynn in Panthers zone.
18:12 of 3rd period - Wrist shot by Michael Grabner.
18:12 of 3rd period - Stopped by Viktor Fasth without a rebound.
18:13 of 3rd period - John Tavares wins face-off versus Brian Flynn in Panthers zone.
18:24 of 3rd period - Michael Grabner is hit by Niklas Hansson and loses puck.
18:39 of 3rd period - Slapshot by Evgeny Grachev.
18:39 of 3rd period - Stopped by Viktor Fasth with a rebound.
18:41 of 3rd period - Slapshot by Andrej Sustr.
18:41 of 3rd period - Deflect By Andrew Ladd.
18:41 of 3rd period - Stopped by Viktor Fasth with a rebound.
18:43 of 3rd period - Wrist shot by Andrej Sustr.
18:43 of 3rd period - Stopped by Viktor Fasth with a rebound.
19:45 of 3rd period - Brian Lee is hit by Alexander Semin and loses puck.
Goals for this period are 0 for Panthers vs 2 for Stars.
Shots for this period are 15 for Panthers vs 12 for Stars.

Overtime #1


0:01 of 1st overtime period - Brian Flynn wins face-off versus John Tavares in neutral zone.
0:08 of 1st overtime period - Penalty to Kris Versteeg is over, Kris Versteeg is back on ice.
1:13 of 1st overtime period - Andrej Sustr is hit by Kris Versteeg and loses puck.
1:32 of 1st overtime period - Icing by Alex Chiasson.
1:33 of 1st overtime period - Miro Aaltonen wins face-off versus Guillaume Latendresse in Stars zone.
1:50 of 1st overtime period - Michael Grabner is hit by Timo Meier and loses puck.
1:57 of 1st overtime period - Tyson Barrie is hit by Cameron Gaunce and loses puck.
2:23 of 1st overtime period - Dalton Prout is hit by Andrej Sustr and loses puck.
2:32 of 1st overtime period - Brian Lee is hit by Kris Versteeg and loses puck.
4:01 of 1st overtime period - Cameron Gaunce is hit by Andrew Ladd and loses puck.
4:37 of 1st overtime period - Niklas Hansson is hit by Tobias Rieder.
Goals for this period are 0 for Panthers vs 0 for Stars.
Shots for this period are 0 for Panthers vs 0 for Stars.

ShootOut


5:00 of 1st overtime period - Round #1.
5:00 of 1st overtime period - Panthers, Alexander Semin.
5:00 of 1st overtime period - Snap shot by Alexander Semin.
5:00 of 1st overtime period - Shot Misses the Net.
5:00 of 1st overtime period - Stars, John Tavares.
5:00 of 1st overtime period - Snap shot by John Tavares.
5:00 of 1st overtime period - Goal by John Tavares.
5:00 of 1st overtime period - Round #2.
5:00 of 1st overtime period - Panthers, Kris Versteeg.
5:00 of 1st overtime period - Deke by Kris Versteeg.
5:00 of 1st overtime period - Shot Misses the Net.
5:00 of 1st overtime period - Stars, Michael Grabner.
5:00 of 1st overtime period - Deke by Michael Grabner.
5:00 of 1st overtime period - Shot Misses the Net.
5:00 of 1st overtime period - Round #3.
5:00 of 1st overtime period - Panthers, Brian Flynn.
5:00 of 1st overtime period - Deke by Brian Flynn.
5:00 of 1st overtime period - Goal by Brian Flynn.
5:00 of 1st overtime period - Stars, Guillaume Latendresse.
5:00 of 1st overtime period - Snap shot by Guillaume Latendresse.
5:00 of 1st overtime period - Goal by Guillaume Latendresse.